 Dungeon Crawl Stone Soup version 0.30-a0-135-g630cfc4551 (webtiles) character file.

Game seed: 17491744860893720711

56 kae the Gusty (level 3, -1/19 HPs)
             Began as a Deep Elf Air Elementalist on Sept 20, 2022.
             Killed by nerve-wracking pain
             ... invoked by an orc priest
              (7 damage)
             ... on level 3 of the Dungeon.
             The game lasted 00:01:27 (2131 turns).

kae the Gusty (Deep Elf Air Elementalist)           Turns: 2131, Time: 00:01:27

Health: -1/19      AC:  3    Str:  5    XL:     3   Next: 71%
Magic:  6/10       EV: 12    Int: 21    God:
Gold:   98         SH:  0    Dex: 15    Spells: 6/9 levels left

rFire   . . .      SeeInvis .    f - +0 dagger
rCold   . . .      Faith    .    (no shield)
rNeg    + . .      Spirit   .    a - +0 robe
rPois   .          Reflect  .    (no helmet)
rElec   .          Harm     .    (no cloak)
rCorr   .          Rampage  .    (no gloves)
Will    .....                    i - +0 pair of boots
Stlth   ++........               (no amulet)
HPRegen 0.06/turn                N - ring of positive energy
MPRegen 0.12/turn                (no ring)

@: no status effects
A: no striking features
a: no special abilities


You were on level 3 of the Dungeon.
You visited 1 branch of the dungeon, and saw 3 of its levels.

You collected 98 gold pieces.


   Skills:
 - Level 2.4 Dodging
 - Level 2.4 Stealth
 + Level 3.6 Spellcasting
 * Level 2.6 Conjurations
 * Level 3.7 Air Magic


You had 6 spell levels left.
You knew the following spells:

 Your Spells              Type           Power      Damage    Failure   Level
a - Shock                 Conj/Air       68%        1d7       3%          1
b - Static Discharge      Conj/Air       34%        2-4/arc   4%          2

Your spell library contained the following spells:

 Spells                   Type           Power      Damage    Failure   Level
 Swiftness                Air            19%        N/A       8%          3
 Airstrike                Air            9%         2d(2-18)  26%         4
 Ignite Poison            Fire/Tmut/Pois 3%         N/A       36%         3
 Spider Form              Tmut/Pois      3%         N/A       36%         3
 Iskenderun's Mystic Bla  Conj/Tloc      9%         2d4       58%         4
 Alistair's Intoxication  Tmut/Pois      2%         N/A       98%         5

Inventory:

Hand Weapons
 f - a +0 dagger (weapon)
   (You took it off a goblin on level 1 of the Dungeon)
Missiles
 h - 16 stones
 j - 6 javelins
Armour
 a - a +0 robe (worn)
 i - a +0 pair of boots (worn)
   (You found it on level 1 of the Dungeon)
Jewellery
 D - a +6 ring of dexterity
   (You found it on level 1 of the Dungeon)
 N - a ring of positive energy (left hand)
   (You found it on level 1 of the Dungeon)
Wands
 k - a wand of flame (17)
   (You took it off Jessica on level 2 of the Dungeon)
Scrolls
 e - 3 scrolls of identify {@r1}
 m - a scroll of poison {!r}
Potions
 b - a potion of magic
 c - a potion of lignification {!q}
 d - a potion of mutation {!q}
 g - a potion of heal wounds {@q2}
 l - 2 potions of ambrosia {unknown}
 n - a potion of flight {unknown}
 o - 2 potions of brilliance {unknown}

Dungeon Overview and Level Annotations

Branches:
Dungeon (3/15) Zot: 15866

Altars:

Annotations:
D:2 Sigmund

#.. #####.# ..
#.. #.# #####..
#.#
.......########.#
.........o....#o#
#######.#####.#.#
#.# #.#o# #.#
#o#.# #o# #@#.#
#.#######.#
#....o.o..#
###########


You could see an orc priest.


Message History

Casting: Shock (safe; 3% risk of failure)
Confirm with . or Enter, or press ? or * to list all spells.
You can't see any susceptible monsters within range! (Use Z to cast anyway.)
You feel your willpower return.
You start resting. 😎 MP[+1]
Your mp is fully restored (10).
Casting: Shock (safe; 3% risk of failure)
Confirm with . or Enter, or press ? or * to list all spells.
You can't see any susceptible monsters within range! (Use Z to cast anyway.)
An orc priest and 2 orcs come into view.
The orc shouts! x2; The orc priest shouts!
You hear a shout!
There are monsters nearby!
There are monsters nearby!
An orc wizard comes into view. It is wielding a +0 dagger.
The orc wizard casts a spell.
The orc wizard flickers and vanishes!
Deactivating autopickup; reactivate with Ctrl-A.
The orc priest invokes the aid of Beogh against you.
Beogh smites you!
Ouch! That really hurt!
* * * LOW HITPOINT WARNING * * *
😨 HP[-14]
You take 14 damage, and now have 5/19 hp.
MASSIVE DAMAGE!! (PAUSE) 😨 HP[+1] Unknown command. 😨 HP[+1]
There is a stone staircase leading up here.
You climb upwards.
Level annotation: Sigmund Reactivating autopickup.
There is a stone staircase leading down here.
You start resting. 😕 HP[+9]
You regained 9 hp, and now have 16/19 hp.
You start resting. 😎 HP[+3]
Your hp is fully restored (19).
You climb downwards.
The orc hits you with a +0 mace.
There is a stone staircase leading up here. 😕 HP[-1]
You take 1 damage, and now have 18/19 hp.
Casting: Shock (safe; 3% risk of failure)
Confirm with . or Enter, or press ? or * to list all spells.
Aiming: Shock (safe; 3% risk of failure)
Press: ? - help, Shift-Dir - straight line, f - orc
Aim: an orc, wielding a +0 mace (71% to hit)
The zap misses the orc.
The orc hits you but does no damage. 😕 MP[-1]
You lost 1 mp, and now have 9/10 mp.
Casting: Shock (safe; 3% risk of failure)
Confirm with . or Enter, or press ? or * to list all spells.
The orc is struck by an arc of lightning.
You are struck by an arc of lightning.
The orc is struck by an arc of lightning.
You kill the orc!
You are struck by an arc of lightning.
The lightning grounds out. 😮 HP[-5] MP[-2]
You take 5 damage, and now have 13/19 hp.
MASSIVE DAMAGE!! (PAUSE)
You lost 2 mp, and now have 7/10 mp.
You climb upwards.
Level annotation: Sigmund
There is a stone staircase leading down here.
You start resting. 😮 MP[+1]
You start resting. 😮 HP[+1] MP[+2]
Your mp is fully restored (10).
You start resting. 😕 HP[+2]
You regained 2 hp, and now have 16/19 hp.
You start resting. 😎 HP[+3]
Your hp is fully restored (19).
You climb downwards.
There is a stone staircase leading up here.
Casting: Static Discharge (safe; 4% risk of failure)
Confirm with . or Enter, or press ? or * to list all spells.
The orc priest is struck by an arc of lightning.
You are struck by an arc of lightning.
The lightning grounds out.
The orc priest invokes the aid of Beogh against you.
Beogh smites you!
* * * LOW HITPOINT WARNING * * *
The orc priest closely misses you. 😨 HP[-10] MP[-2]
You take 10 damage, and now have 9/19 hp.
MASSIVE DAMAGE!! (PAUSE)
You lost 2 mp, and now have 8/10 mp.
Casting: Static Discharge (safe; 4% risk of failure)
Confirm with . or Enter, or press ? or * to list all spells.
The orc priest is struck by an arc of lightning.
You are struck by an arc of lightning.
* * * LOW HITPOINT WARNING * * *
The orc priest is struck by an arc of lightning.
The lightning grounds out.
The orc priest calls down the wrath of Beogh upon you.
Pain shoots through your body!
You die...

Skill      XL: |  1  2 |
---------------+-------+-----
Conjurations   | 2 |  2.6
Dodging        | |  2.4
Stealth        | |  2.4
Spellcasting   | |  3.6
Air Magic      | |  3.7

Action                   || total
-------------------------++-------
Melee: Unarmed           ||    10
 Cast: Shock             ||    57
       Static Discharge  ||     3
  Use: Scroll            ||     6
Armor: Robe              ||     3
Dodge: Dodged            ||    12

Levels and vault maps discovered:
D:1:      minmay_arrival_hallway, layout_rooms, hangedman_abyss_or_decor_stabs
D:2:      layout_basic, uniq_sigmund, uniq_jessica
D:3:      layout_basic, mainiacjoe_overflow_24_doors,
          mainiacjoe_overflow_alcove_2, gammafunk_ghost_mausoleum,
          minmay_misc_feat_pillars, uniq_grinder, uniq_robin

Notes
Turn   | Place    | Note
-------+----------+-------------------------------------------
     0 | D:1      | kae the Deep Elf Air Elementalist began the quest for the
                  | Orb.
     0 | D:1      | Reached XP level 1. HP: 10/10 MP: 6/6
     0 | D:1      | magus.rc [v1.11.3]
   214 | D:1      | HP: 1/10 [jackal (3)]
   216 | D:1      | Reached XP level 2. HP: 2/15 MP: 0/8
   657 | D:1      | Reached skill level 2 in Conjurations
   985 | D:2      | Learned a level 2 spell: Static Discharge
  1122 | D:2      | Noticed Jessica
  1126 | D:2      | Killed Jessica
  1127 | D:2      | Reached XP level 3. HP: 19/19 MP: 5/10
  1370 | D:2      | Noticed Sigmund
  1562 | D:2      | You add the spells Ignite Poison, Spider Form, Iskenderun's
                  | Mystic Blast and Alistair's Intoxication to your library.
  1562 | D:2      | Got the Omnibus of the Septic Voyage
  2131 | D:3      | Killed from afar by an orc priest

Vanquished Creatures
  Jessica (D:2)
  An orc (D:3)
  2 giant cockroaches
  A hobgoblin (D:2)
  3 jackals (D:1)
  A quokka (D:1)
  3 ball pythons (D:1)
  2 bats
  2 frilled lizards (D:1)
  5 goblins (D:1)
  7 kobolds
  3 rats (D:1)
31 creatures vanquished.

Table legend:
 A = Non-vault XP
 B = Vault XP
 C = Vault XP percentage of total XP
 D = Non-vault monster count
 E = Vault monster count
 F = Vault count percentage of total count
                 A         B        C        D         E       F
            +---------+---------+-------+---------+---------+-------
      Total |      44 |      37 |  45.7 |      30 |       1 |   3.2
            +---------+---------+-------+---------+---------+-------
        D:1 |      30 |       0 |   0.0 |      22 |       0 |   0.0
        D:2 |      11 |      37 |  77.1 |       7 |       1 |  12.5
        D:3 |       3 |       0 |   0.0 |       1 |       0 |   0.0
            +---------+---------+-------+---------+---------+-------

Illustrated notes

Table legend:
 A = Kills in this place as a percentage of kills in entire the game.
 B = Kills by you in this place as a percentage of kills by you in the entire game.
 C = Kills by friends in this place as a percentage of kills by friends in the entire game.
 D = Other kills in this place as a percentage of other kills in the entire game.
 E = Experience gained in this place as a percentage of experience gained in the entire game.
 F = Experience gained in this place divided by the number of levels of this place that you have seen.
                   A       B       C       D       E      F
               +-------+-------+-------+-------+-------+----------------------
         Total | 100.0 | 100.0 |   N/A |   N/A | 100.0 |  27.0
       Dungeon | 100.0 | 100.0 |   N/A |   N/A | 100.0 |  27.0
               +-------+-------+-------+-------+-------+----------------------

Table legend: (Time is in decaauts)
 A = Elapsed time spent in this place.
 B = Non-inter-level travel time spent in this place.
 C = Inter-level travel time spent in this place.
 D = Time resting spent in this place.
 E = Time spent auto-exploring this place.
 F = Levels seen in this place.
 G = Mean time per level.
                   A        B        C        D        E       F      G
               +--------+--------+--------+--------+--------+-----+--------+
         Total |   2132 |   2061 |     71 |    317 |   1535 |   3 |  710.7 |
       Dungeon |   2132 |   2061 |     71 |    317 |   1535 |   3 |  710.7 |
               +--------+--------+--------+--------+--------+-----+--------+

Top non-repeatable levels by time:
     D:2: 1099 daAuts
     D:1: 902 daAuts
     D:3: 130 daAuts
